 Dungeon Crawl Stone Soup version 0.23.1 (webtiles) character file.

Game seed: 13112425417765528464

7597 Marnok the Cleaver (level 11, -8/58 HPs)
             Began as a Vine Stalker Berserker on Mar 8, 2019.
             Was a High Priest of Trog.
             Mangled by a large abomination (28 damage)
             ... in a Gauntlet.
             The game lasted 00:51:36 (7821 turns).

Marnok the Cleaver (Vine Stalker Berserker)         Turns: 7821, Time: 00:51:36

Health: -8/58      AC:  7    Str: 23    XL:     11   Next: 17%
Magic:  0/12       EV: 14    Int:  7    God:    Trog [*****.]
Gold:   109        SH: 11    Dex: 21    Spells: 10/10 levels left

rFire    + + .     SeeInvis +   w - +9 hand axe
rCold    . . .     Gourm    .   v - +0 shield
rNeg     . . .     Faith    .   G - +1 leather armour of Qazlal's Condemnation {MR- rCorr Dex+4 Stlth+}
rPois    +         Spirit   +   o - +0 hat {SInv}
rElec    .         Reflect  .   M - scarf {rC+ rF+}
rCorr    +         Harm     .   r - +0 pair of gloves
MR       .....     NoTele   +   K - +0 pair of boots
Stlth    ++++......             (no amulet)
HPRegen  0.59/turn              k - +3 ring of strength
MPRegen  0.13/turn              C - ring of fire

@: no status effects
A: fangs 3, poison resistance, regeneration 1, magic shield, antimagic bite, no
potion heal 3, rot immunity
a: Berserk, Trog's Hand, Brothers in Arms, Renounce Religion


You were in a Gauntlet.
You worshipped Trog.
Trog was extremely pleased with you.
You were not hungry.

You visited 1 branch of the dungeon, and saw 11 of its levels.
You also visited: Gauntlet.

You collected 559 gold pieces.
You spent 450 gold pieces at shops.

Inventory:

Hand Weapons
 t - a +1 dagger of freezing
 w - a +9 hand axe (weapon)
 x - the +8 battleaxe of Sualulyr {chop, rN+ MR+, unknown}
   (Trog gifted it to you on level 11 of the Dungeon)

   It inflicts extra damage upon your enemies.
   It protects you from negative energy.
   It affects your resistance to hostile enchantments.
 B - a +0 dagger of protection
 E - a +3 hand axe of freezing
 H - a +2 vampiric scimitar
 I - a +3 war axe
Missiles
 f - 12 tomahawks (quivered)
Armour
 m - a +4 ring mail
 o - a +0 hat of see invisible (worn)
 q - a cursed +0 ring mail
 r - a +0 pair of gloves (worn)
 v - a +0 shield (worn)
 G - the +1 leather armour of Qazlal's Condemnation (worn) {MR- rCorr Dex+4 Stlth+}
   (You found it on level 9 of the Dungeon)

   It affects your dexterity (+4).
   It affects your resistance to hostile enchantments.
   It provides partial protection from all sources of acid and corrosion.
   It makes you more stealthy.
 J - a +0 plate armour
 K - a +0 pair of boots (worn)
 M - a scarf of resistance (worn)
 N - a +0 cloak
Magical Staves
 b - an uncursed staff of wizardry {unknown}
Jewellery
 d - an uncursed ring of flight
 k - a +3 ring of strength (left hand)
 C - a ring of fire (right hand)
Wands
 i - a wand of disintegration (12)
 p - a wand of digging (3)
 u - a wand of iceblast (12)
 y - a wand of flame (9)
 F - a wand of clouds (5)
Scrolls
 a - a scroll of remove curse
 j - a scroll of magic mapping
 l - a scroll of fear {unknown}
 D - 2 scrolls of teleportation
Potions
 e - 5 potions of might
 g - 5 potions of heal wounds
 h - a potion of resistance
 s - 5 potions of curing
 z - a potion of berserk rage {unknown}
 A - a potion of degeneration {unknown}
 L - a potion of agility {unknown}
Comestibles
 c - 31 rations
 n - 11 chunks of flesh


   Skills:
 + Level 6.4 Fighting
 + Level 10.1 Axes
 + Level 0.1 Throwing
 + Level 5.9 Armour
 + Level 5.0 Dodging
 + Level 4.4 Stealth
 + Level 5.9 Shields


You had 10 spell levels left.
You didn't know any spells.
Your spell library was empty.

Dungeon Overview and Level Annotations

Branches:
Dungeon (11/15)            Temple (0/1) D:6            Lair (0/6) D:11
    Orc (0/2) D:11

Altars:
Ashenzari
Elyvilon
Fedhas
Hepliaklqana
Okawaru
Qazlal
Ru
Trog
Uskayaw
Vehumet
Zin
The Shining One

Shops:
D:6 :   D:9 %   D:10 :   D:11 (

Annotations:
Gauntlet 6 transporters, 10 runed translucent doors


Innate Abilities, Weirdness & Mutations

You have razor-sharp teeth.
Your natural rate of healing is unusually fast.
When hurt, damage is shared between your health and your magic reserves.
Your bite disrupts and absorbs the magic of your enemies.
Potions cannot restore your health.
You are immune to rotting.
Your system is resistant to poisons. (rPois)


Message History

You see here a yak skeleton.
The crimson imp puffs mist at you.
There is a transporter here.
You enter the transporter and appear at another place.
Found a scroll of teleportation, a smoking copper ring and a runed spear.
Found 24 gold pieces.
There is a transporter here.
You enter the transporter and appear at another place.
A large abomination comes into view.
Found a twisted jewelled staff.
Found a transporter.
The helpless large abomination fails to defend itself.
You slash the large abomination! Your bite misses the large abomination.
The large abomination is moderately damaged.
The large abomination hits you!!
You hit the large abomination. You bite the large abomination.
You drain its power.
You feel invigorated.
The large abomination is heavily damaged.
You slash the small abomination! The large abomination hits you!
The small abomination hits you. The large abomination hits you!!
You die...

#.###################
#..#.#.....#...#.##...©.
#..#.#..##.x#..#.#.#....
#..#.#..#..##..#.#..#...
#..#.#..##..#..#.#...#.#
#..#©#©.#.©##..#.#....#÷
#..###$.##..#..#.#...#©#
#....#|.#..##x.#.#..#.÷.
#....#.@##..#..#.#.#....
###..#.Xx..#...#.##.....
#8#..###########.#######
###...................©.
#≈....................
###################.∩.
#8 #8# 8# #8# #.§. ##
### ## #§§≈ ####


You could see a large abomination and 2 small abominations.

Vanquished Creatures
  A two-headed ogre (D:8)
  Pikel (D:8)
  A torpor snail (Gauntlet)
  2 hippogriffs
  A spriggan (D:7)
  10 yaks
  2 humans (D:7)
  A hungry ghost (D:9)
  A water moccasin (D:11)
  3 ice beasts
  2 orc warriors
  2 sky beasts
  3 ogres
  A black bear (D:10)
  A necrophage (D:10)
  3 centaurs
  A crocodile (D:10)
  3 bullfrogs
  A big kobold (D:11)
  5 scorpions
  4 killer bees (D:10)
  11 wights
  3 howler monkeys
  A crimson imp (D:5)
  A bullfrog zombie (D:9)
  A centaur zombie (D:5)
  2 jellies
  4 orc priests
  A hound (D:8)
  7 orc wizards
  A bullfrog skeleton (D:6)
  A gnoll shaman (D:9)
  Ijyb (D:3)
  5 iguanas
  3 worker ants
  A hound zombie (D:6)
  2 hound skeletons
  10 adders
  3 gnolls (D:9)
  3 shadow imps
  4 worms
  A dart slug (D:1)
  6 leopard geckos
  48 orcs
  7 bats
  5 giant cockroaches
  5 goblins
  6 hobgoblins
  10 jackals
  5 quokkas
  9 frilled lizards
  A jackal skeleton (D:2)
  12 kobolds
  A leopard gecko skeleton (D:5)
  11 rats
241 creatures vanquished.

Vanquished Creatures (others)
  2 wights (D:5)
2 creatures vanquished.

Grand Total: 243 creatures vanquished

Notes
Turn   | Place    | Note
-------+----------+-------------------------------------------
     0 | D:1      | Marnok the Vine Stalker Berserker began the quest for the
                  | Orb.
     0 | D:1      | Reached XP level 1. HP: 11/11 MP: 2/2
   350 | D:1      | Reached XP level 2. HP: 2/16 MP: 0/3
  1354 | D:1      | Reached skill level 3 in Axes
  1519 | D:1      | Reached XP level 3. HP: 18/20 MP: 4/4
  1635 | D:2      | Reached ** piety under Trog
  1727 | D:2      | Found a glowing golden altar of the Shining One.
  1801 | D:2      | Found a glowing silver altar of Zin.
  1948 | D:3      | Found a shattered altar of Ashenzari.
  2068 | D:3      | Found a hazy altar of Hepliaklqana.
  2103 | D:3      | Noticed Ijyb
  2111 | D:3      | Killed Ijyb
  2111 | D:3      | Gained mutation: Your natural rate of healing is unusually
                  | fast. [Vine Stalker growth]
  2111 | D:3      | Reached XP level 4. HP: 24/24 MP: 5/5
  2254 | D:3      | Found a bloodstained altar of Trog.
  2602 | D:3      | Reached XP level 5. HP: 13/28 MP: 2/6
  3009 | D:5      | Entered Level 5 of the Dungeon
  3009 | D:5      | Found a radiant altar of Vehumet.
  3311 | D:4      | Reached *** piety under Trog
  3401 | D:4      | Found a blossoming altar of Fedhas.
  3686 | D:4      | Reached XP level 6. HP: 25/33 MP: 5/7
  3751 | D:5      | Reached skill level 4 in Axes
  3762 | D:5      | Reached skill level 1 in Shields
  3770 | D:5      | Noticed an ice beast
  3781 | D:5      | Killed an ice beast
  3781 | D:5      | Reached XP level 7. HP: 37/37 MP: 8/8
  3786 | D:5      | Found a stormy altar of Qazlal.
  4026 | D:5      | Found a sacrificial altar of Ru.
  4131 | D:5      | Found a white marble altar of Elyvilon.
  4238 | D:5      | Reached skill level 5 in Axes
  4347 | D:6      | Found Ruryuh's Book Shop.
  4639 | D:6      | Gained mutation: You have razor-sharp teeth. [Vine Stalker
                  | growth]
  4639 | D:6      | Reached XP level 8. HP: 42/42 MP: 9/9
  4959 | D:6      | Found a staircase to the Ecumenical Temple.
  5192 | D:7      | Reached **** piety under Trog
  5219 | D:7      | Reached skill level 6 in Axes
  5222 | D:8      | Noticed a two-headed ogre
  5261 | D:7      | Noticed a spriggan baker
  5266 | D:7      | Killed a spriggan baker
  5266 | D:7      | Reached skill level 1 in Stealth
  5353 | D:7      | Reached XP level 9. HP: 46/46 MP: 10/10
  5681 | D:7      | Reached skill level 7 in Axes
  5681 | D:7      | Reached skill level 5 in Armour
  5725 | D:7      | Found an iron altar of Okawaru.
  5995 | D:8      | Noticed Pikel
  6130 | D:7      | Gained mutation: You have supernaturally acute eyesight.
                  | (SInv) [potion of mutation]
  6130 | D:7      | Lost mutation: You have supernaturally acute eyesight.
                  | (SInv) [potion of mutation]
  6130 | D:7      | Gained mutation: Your system is resistant to poisons.
                  | (rPois) [potion of mutation]
  6180 | D:8      | Reached skill level 5 in Fighting
  6218 | D:8      | Killed Pikel
  6260 | D:8      | Killed a two-headed ogre
  6260 | D:8      | Reached skill level 8 in Axes
  6260 | D:8      | Reached XP level 10. HP: 43/52 MP: 11/11
  6535 | D:9      | Reached ***** piety under Trog
  6634 | D:10     | Entered Level 10 of the Dungeon
  6681 | D:9      | Reached skill level 5 in Shields
  6694 | D:9      | Found Wuaxocy's Food Boutique.
  6704 | D:9      | Bought a ration for 50 gold pieces
  6704 | D:9      | Bought a ration for 50 gold pieces
  6704 | D:9      | Bought a ration for 50 gold pieces
  6704 | D:9      | Bought a ration for 50 gold pieces
  6704 | D:9      | Bought a ration for 50 gold pieces
  6704 | D:9      | Bought a ration for 50 gold pieces
  6704 | D:9      | Bought a ration for 50 gold pieces
  6704 | D:9      | Bought a ration for 50 gold pieces
  6704 | D:9      | Bought a ration for 50 gold pieces
  6881 | D:9      | Got a ruby-encrusted leather armour
  6986 | D:9      | Reached skill level 9 in Axes
  7054 | D:9      | Found a hide-covered altar of Uskayaw.
  7130 | D:9      | Identified the +1 leather armour of Qazlal's Condemnation
                  | {MR- rCorr Dex+4 Stlth+} (You found it on level 9 of the
                  | Dungeon)
  7505 | D:10     | Found Yned's Book Shoppe.
  7569 | D:11     | Found Hisch's Antique Weapon Shoppe.
  7575 | D:11     | Found a staircase to the Lair.
  7582 | D:11     | Received a gift from Trog
  7585 | D:11     | Got a pitted battleaxe {god gift}
  7611 | D:11     | Reached XP level 11. HP: 56/56 MP: 12/12
  7642 | D:11     | Found a gate leading to a gauntlet.
  7649 | D:11     | Found a staircase to the Orcish Mines.
  7652 | Gauntlet | Entered a Gauntlet
  7652 | Gauntlet | Found a transporter.
  7666 | Gauntlet | Found a transporter.
  7677 | Gauntlet | Found a transporter.
  7679 | Gauntlet | Found a large runed translucent door.
  7679 | Gauntlet | Found a large runed translucent door.
  7680 | Gauntlet | Found a large runed translucent door.
  7680 | Gauntlet | Found a large runed translucent door.
  7681 | Gauntlet | Found a large runed translucent door.
  7681 | Gauntlet | Found a large runed translucent door.
  7681 | Gauntlet | Found a runed translucent door.
  7681 | Gauntlet | Found a runed translucent door.
  7681 | Gauntlet | Found a large runed translucent door.
  7681 | Gauntlet | Found a large runed translucent door.
  7705 | Gauntlet | Found a transporter.
  7707 | Gauntlet | Found a transporter.
  7731 | Gauntlet | Reached skill level 10 in Axes
  7738 | Gauntlet | Reached skill level 5 in Dodging
  7776 | Gauntlet | Found a transporter.
  7777 | Gauntlet | Found a transporter.
  7780 | Gauntlet | Found a transporter.
  7789 | Gauntlet | Noticed a spectral death yak
  7813 | Gauntlet | Noticed a large abomination
  7813 | Gauntlet | Found a transporter.
  7821 | Gauntlet | Mangled by a large abomination

Skill      XL: |  1  2  3  4  5  6  7  8  9 10 11 |
---------------+----------------------------------+-----
Dodging        | 2 3 4 5 |  5.0
Fighting       | 3 4 5 6 |  6.4
Axes           | 3 4 5 6 8 9 10 | 10.1
Armour         | 2 3 4 5 |  5.9
Shields        | 1 2 3 4 5 |  5.9
Stealth        | 1 2 3 4 |  4.4
Throwing       | |  0.1

Action                   |  1- 3 |  4- 6 |  7- 9 | 10-12 || total
-------------------------+-------+-------+-------+-------++-------
Melee: Hand axe          |   108 |   144 |   219 |   189 ||   660
       Bite              |    25 |    45 |    86 |    82 ||   238
Throw: Tomahawk          |       |       |     2 |       ||     2
Invok: Berserk           |     2 |     1 |     1 |     2 ||     6
  Use: Potion            |     1 |       |     5 |       ||     6
       Scroll            |     7 |     2 |     8 |     2 ||    19
 Stab: Sleeping          |       |       |       |     7 ||     7
  Eat: Chunk             |     5 |     5 |     7 |     9 ||    26
       Ration            |       |     1 |       |       ||     1
Armor: Animal skin       |     8 |       |       |       ||     8
       Ring mail         |    25 |    50 |    46 |    18 ||   139
       Leather armour    |       |       |       |    26 ||    26
Dodge: Dodged            |    62 |    63 |    70 |    76 ||   271
Block: Shield            |       |    23 |    99 |    91 ||   213
